 Dungeon Crawl Stone Soup version 0.30-a0-996-ga6910c8ee8 (webtiles) character file.

Game seed: 1203027524107060809

21247 jimonade the Basher (level 12, -2/62 HPs)
             Began as a Vine Stalker Fighter on Apr 4, 2023.
             Was the Champion of Uskayaw.
             Slain by a large abomination (7 damage)
             ... on level 2 of the Abyss.
             The game lasted 00:37:50 (11294 turns).

jimonade the Basher (Vine Stalker Fighter)         Turns: 11294, Time: 00:37:50

Health: -2/62      AC: 33    Str: 18    XL:     12   Next: 88%
Magic:  0/19       EV: 11    Int: 12    God:    Uskayaw [******]
Gold:   960        SH:  6    Dex: 16    Spells: 18/18 levels left

rFire   . . .      SeeInvis .    a - +2 whip (elec)
rCold   . . .      Faith    +    c - +0 buckler
rNeg    . . .      Spirit   +    N - +18 Lear's hauberk
rPois   .          Reflect  .    (helmet currently unavailable)
rElec   .          Rampage  .    R - +0 cloak
rCorr   .                        (gloves currently unavailable)
Will    +....                    (boots currently unavailable)
Stlth   +                        T - amulet of faith
HPRegen 1.10/turn                x - +5 ring of evasion
MPRegen 0.16/turn                Y - +4 ring of protection

@: lethally poisoned (-2 -> -3), constricted
A: fangs 3, regeneration 1, magic shield, antimagic bite, no potion heal 2
a: Renounce Religion, Stomp, Line Pass, Grand Finale


You were on level 2 of the Abyss.
You worshipped Uskayaw.
Uskayaw was aware of your devotion.
You visited 2 branches of the dungeon, and saw 15 of its levels.
You visited the Abyss 1 time.

You collected 960 gold pieces.

Inventory:

Hand Weapons
 a - a +2 whip of electrocution (weapon)
 b - a +2 dagger of venom
 D - a +2 falchion of freezing
 I - a +1 dire flail
 V - a +3 war axe
Missiles
 l - 3 curare-tipped darts
 o - 14 javelins
 p - 42 poisoned darts (quivered)
 P - 8 boomerangs
 X - 3 atropa-tipped darts
Armour
 c - a +0 buckler (worn)
 h - a +1 pair of gloves
 j - a +2 leather armour of fire resistance
 u - the +3 leather armour of Starshine {rF++ rC+ SInv Stlth-}
   (You found it on level 2 of the Dungeon)

   rF:        It greatly protects you from fire.
   rC:        It protects you from cold.
   SInv:      It lets you see invisible.
   Stlth:     It makes you less stealthy.
 C - a +0 pair of boots
 N - the +18 Lear's hauberk (worn)
   (You found it on level 10 of the Dungeon)
 R - a +0 cloak (worn)
 Z - a +2 robe of the Archmagi
Magical Staves
 m - a staff of poison
 F - a staff of earth
Jewellery
 x - a +5 ring of evasion (left hand)
 y - a ring of protection from cold
 E - an amulet of the acrobat
 T - an amulet of faith (around neck)
 Y - a +4 ring of protection (right hand)
Wands
 r - a wand of flame (20)
 M - a wand of mindburst (35)
 O - a wand of polymorph (11)
Scrolls
 e - a scroll of blinking
 k - 7 scrolls of teleportation
 s - a scroll of magic mapping
 w - a scroll of identify
 B - a scroll of enchant armour
 J - 2 scrolls of enchant weapon
 K - a scroll of amnesia
 L - 2 scrolls of poison
Potions
 d - 4 potions of might
 g - a potion of resistance
 i - a potion of lignification
 n - 11 potions of curing
 q - 4 potions of attraction
 t - 5 potions of haste
 v - 3 potions of brilliance
 z - a potion of invisibility
 A - 3 potions of flight
 G - 3 potions of heal wounds
 H - 4 potions of magic
 S - a potion of cancellation
 U - 2 potions of mutation {unknown}
Miscellaneous
 f - a piece from Xom's chessboard (15/15)
 Q - a condenser vane
 W - a lightning rod (4/4)


   Skills:
 + Level 6.9 Fighting
 + Level 2.6(6.6) Axes
 + Level 9.6(9.8) Maces & Flails
 + Level 1.7 Throwing
 + Level 5.6 Armour
 + Level 5.9 Dodging
 + Level 9.2 Stealth
 + Level 6.7 Shields
 + Level 3.7 Spellcasting
 * Level 9.1 Invocations
 + Level 0.6 Evocations


You had 18 spell levels left.
You didn't know any spells.
Your spell library contained the following spells:

 Spells                   Type           Power      Damage    Failure   Level
 Foxfire                  Conj/Fire      8%         2x1d4     97%         1
 Sandblast                Erth           4%         2d4       97%         1
 Cigotuvi's Dreadful Rot  Necr/Pois/Air  4%         N/A       99%         2
 Passwall                 Tmut/Erth      1%         N/A       99%         2
 Poisonous Vapours        Pois/Air       4%         N/A       99%         2
 Hailstorm                Conj/Ice       2%         3d3       100%        3
 Mephitic Cloud           Conj/Pois/Air  2%         N/A       100%        3
 Stone Arrow              Conj/Erth      4%         3d7       100%        3
 Animate Armour           Summ/Erth      4%         N/A       100%        4
 Ice Form                 Ice/Tmut       2%         N/A       100%        4
 Simulacrum               Ice/Necr       1%         N/A       100%        6
 Lehudib's Crystal Spear  Conj/Erth      1%         10d2      100%        8


Dungeon Overview and Level Annotations

Branches:
Dungeon (14/15)            Temple (1/1) D:6            Lair (0/5) D:9
    Orc (0/2) D:10         Vaults (0/5) D:13

Altars:
Ashenzari
Cheibriados
Dithmenos
Elyvilon
Fedhas
Gozag
Hepliaklqana
Kikubaaqudgha
Makhleb
Nemelex Xobeh
Okawaru
Qazlal
Ru
Sif Muna
Trog
Uskayaw
Vehumet
Wu Jian
Xom
Yredelemnul
Zin
The Shining One

Shops:
D:5 (=

Annotations:
D:11 Psyche
D:14 Louise
Abyss:2 1 transporter


Innate Abilities, Weirdness & Mutations

You have razor-sharp teeth.
Your natural rate of healing is unusually fast.
When hurt, damage is shared between your health and your magic reserves.
Your bite disrupts and absorbs the magic of your enemies.
Potions cannot restore your health.


Message History

The large abomination is lightly damaged.
You feel sick.
The tentacled starspawn is no longer sharing its pain.
The large abomination closely misses you.
The tentacled starspawn bites you but does no damage.
The tentacled starspawn tentacle-slaps you but does no damage.
You block the starspawn tentacle's attack.
You hit the large abomination. Your bite misses the large abomination.
The large abomination is lightly damaged.
You feel sick.
You hit the large abomination.
The large abomination is moderately damaged.
You feel sick.
You block the large abomination's attack.
You block the tentacled starspawn's attack. x2
The starspawn tentacle grabs you. The starspawn tentacle constricts you.
You hit the large abomination. Your bite misses the large abomination.
The large abomination is moderately damaged.
You feel sick.
The lindwurm bites you but does no damage.
The lindwurm claws you but does no damage.
The lindwurm claws you.
The large abomination hits you but does no damage.
The tentacled starspawn closely misses you.
The tentacled starspawn tentacle-slaps you!
* * * LOW HITPOINT WARNING * * *
The starspawn tentacle constricts you.
You hit the large abomination.
Lightning courses through the large abomination!
The large abomination is heavily damaged.
You feel sick.
The lindwurm changes into an orb spider!
You closely miss the large abomination.
The large abomination is heavily damaged.
You feel sick. The tentacled starspawn bites you!
* * * LOW HITPOINT WARNING * * *
The tentacled starspawn tentacle-slaps you.
* * * LOW HITPOINT WARNING * * *
The starspawn tentacle constricts you. The large abomination hits you!
You die... ## .
XXX

## ... .. ##
w ##. .## .
##©.#. .
#.... ). #. .
#$.#... .
#.xX #©.# ..#
#.. w####
..### ####..
#. #....#. #
#5#X#X.......
# .#@w># # .
.....
.#s.w...##
#.#..
#........# #
..
##...#..... #
. ##.##.....
.. ... ......
. . ...
...#.. ....
## ..


You could see a tentacled starspawn, a large abomination, an orb spider shaped
shifter and 2 starspawn tentacles.

Vanquished Creatures
  Frances (D:13)
  A tentacled starspawn (Abyss:2)
  4 two-headed ogres
  2 boulder beetles
  A centaur warrior (D:13)
  2 tengu warriors
  A wizard (D:13)
  Pikel (D:7)
  A lindwurm (D:13)
  3 cyclopes
  3 deep elf pyromancers
  A deep elf zephyrmancer (D:12)
  An ugly thing (D:8)
  A worldbinder (Abyss:2)
  2 gargoyles
  2 kobold demonologists
  Prince Ribbit (D:8)
  A spriggan (D:12)
  2 vampires
  5 yaks
  A shadow (D:12)
  A wyvern (D:7)
  A steam dragon (D:10)
  3 vampire mosquitoes
  Menkaure (D:7)
  An acid dragon (D:9)
  3 wargs (D:9)
  3 water moccasins
  6 orc warriors
  A sky beast (D:6)
  A black bear (D:5)
  3 ice beasts
  2 ogres
  5 centaurs
  2 lemures (D:7)
  A phantom (D:7)
  6 kobold brigands
  5 bullfrogs
  A necrophage (D:12)
  A scorpion (D:5)
  8 wights
  17 killer bees
  2 howler monkeys (D:8)
  A quasit (Abyss:2)
  5 jellies
  11 orc priests
  2 hounds
  2 sleepcaps
  A gnoll bouda (D:5)
  3 iguanas
  9 orc wizards
  11 gnolls
  5 adders
  2 shadow imps
  A white imp (D:8)
  3 ufetubi
  A dart slug (D:1)
  44 orcs
  8 endoplasms
  3 goblins (D:2)
  7 hobgoblins
  6 jackals
  A quokka (D:3)
  11 ball pythons
  4 frilled lizards
  18 kobolds
  3 rats
  A starspawn tentacle (Abyss:2)
274 creatures vanquished.

Vanquished Creatures (others)
  A fungus (D:3)
  5 starspawn tentacles (Abyss:2)
6 creatures vanquished.

Grand Total: 280 creatures vanquished

Notes
Turn   | Place    | Note
-------+----------+-------------------------------------------
     0 | D:1      | jimonade the Vine Stalker Fighter began the quest for the
                  | Orb.
     0 | D:1      | Reached XP level 1. HP: 11/11 MP: 2/2
   128 | D:1      | Reached XP level 2. HP: 15/16 MP: 3/3
  1062 | D:2      | Reached XP level 3. HP: 20/20 MP: 4/4
  1256 | D:2      | Reached skill level 1 in Spellcasting
  1288 | D:2      | Identified the +3 leather armour of Starshine {rF++ rC+
                  | SInv Stlth-}
  1701 | D:3      | Gained mutation: Your natural rate of healing is unusually
                  | fast. [Vine Stalker growth]
  1701 | D:3      | Reached XP level 4. HP: 22/24 MP: 4/6
  1766 | D:3      | Found a faded altar of an unknown god.
  1776 | D:3      | Got Plato's Teachings on Forces
  2339 | D:4      | Reached skill level 1 in Invocations
  2339 | D:4      | Reached XP level 5. HP: 25/28 MP: 4/8
  2377 | D:4      | Noticed an ogre
  2679 | D:4      | Reached skill level 1 in Maces & Flails
  2679 | D:4      | Reached XP level 6. HP: 32/32 MP: 8/10
  2825 | D:4      | Reached skill level 1 in Dodging
  3264 | D:5      | Entered Level 5 of the Dungeon
  3270 | D:5      | Noticed an ice beast
  3273 | D:5      | Reached skill level 1 in Stealth
  3276 | D:5      | Reached XP level 7. HP: 34/36 MP: 9/11
  3288 | D:5      | Found Elef's Jewellery Shoppe.
  3526 | D:5      | Gained mutation: You have razor-sharp teeth. [Vine Stalker
                  | growth]
  3526 | D:5      | Reached XP level 8. HP: 42/42 MP: 13/13
  3710 | D:5      | Found Cexy's Weapon Shop.
  4128 | D:6      | Found a staircase to the Ecumenical Temple.
  4164 | Temple   | Entered the Ecumenical Temple
  4390 | Temple   | Became a worshipper of Uskayaw the Reveller
  4469 | D:6      | Reached * piety under Uskayaw
  4483 | D:6      | Found a sparkling altar of Nemelex Xobeh.
  4486 | D:6      | Reached ** piety under Uskayaw
  4955 | D:6      | Found an opulent altar of Gozag.
  5139 | D:7      | Reached XP level 9. HP: 45/45 MP: 13/15
  5141 | D:7      | Reached *** piety under Uskayaw
  5143 | D:7      | Reached **** piety under Uskayaw
  5148 | D:7      | Reached ***** piety under Uskayaw
  5168 | D:7      | Reached skill level 5 in Maces & Flails
  5338 | D:7      | Noticed a cyclops
  5360 | D:7      | Killed a cyclops
  5371 | D:7      | Found a basalt altar of Yredelemnul.
  5462 | D:7      | Noticed Menkaure
  5466 | D:7      | Killed Menkaure
  5554 | D:7      | Reached skill level 5 in Invocations
  5759 | D:7      | Noticed Pikel
  5769 | D:7      | Killed Pikel
  5770 | D:7      | Reached skill level 5 in Shields
  5770 | D:7      | Reached XP level 10. HP: 47/51 MP: 14/16
  5974 | D:7      | Reached skill level 5 in Fighting
  6038 | D:8      | Identified the +1 spear of Cowardice {drain, rF+++ Int+3
                  | Stlth-}
  6132 | D:8      | Found a broken altar of Ashenzari.
  6182 | D:8      | Found a glowing golden altar of the Shining One.
  6186 | D:8      | Found a bloodstained altar of Trog.
  6386 | D:8      | Reached skill level 5 in Stealth
  6672 | D:9      | Noticed a kobold demonologist
  6784 | D:9      | Noticed a red ugly thing
  6788 | D:9      | Reached ****** piety under Uskayaw
  6793 | D:9      | Noticed Prince Ribbit
  6957 | D:8      | Killed Prince Ribbit
  7057 | D:8      | Killed a red ugly thing
  7058 | D:8      | Reached XP level 11. HP: 26/56 MP: 9/17
  7148 | D:9      | Found a staircase to the Lair.
  7574 | D:9      | Found a shimmering blue altar of Sif Muna.
  7947 | D:10     | Entered Level 10 of the Dungeon
  7947 | D:10     | Noticed a two-headed ogre
  7992 | D:9      | Killed a two-headed ogre
  7993 | D:9      | Reached skill level 5 in Dodging
  8233 | D:10     | Noticed a tengu warrior
  8263 | D:10     | Killed a tengu warrior
  8425 | D:10     | Found the +18 Lear's hauberk
  8492 | D:10     | Noticed a two-headed ogre
  8508 | D:10     | Killed a two-headed ogre
  8814 | D:10     | Found a staircase to the Orcish Mines.
  8872 | D:11     | Noticed Psyche
  8872 | D:11     | You fall into a shaft and drop 1 floor!
  8977 | D:12     | Noticed a cyclops
  8991 | D:12     | Killed a cyclops
  9341 | D:12     | Noticed a deep elf pyromancer
  9351 | D:12     | Killed a deep elf pyromancer
  9419 | D:12     | Noticed a boulder beetle
  9432 | D:12     | Noticed a deep elf pyromancer
  9475 | D:12     | Killed a boulder beetle
  9500 | D:12     | Killed a deep elf pyromancer
  9501 | D:12     | Reached XP level 12. HP: 22/61 MP: 16/19
  9509 | D:12     | Found Itamiss's Overcharged Wands.
  9992 | D:13     | Noticed a centaur warrior
 10132 | D:13     | Noticed a tengu warrior
 10141 | D:13     | Killed a tengu warrior
 10187 | D:13     | Killed a centaur warrior
 10188 | D:13     | Reached skill level 5 in Armour
 10231 | D:13     | Noticed a boulder beetle
 10267 | D:13     | Killed a boulder beetle
 10458 | D:13     | Noticed Frances
 10465 | D:13     | Noticed a sun demon
 10483 | D:13     | Killed Frances
 10484 | D:13     | Reached skill level 1 in Throwing
 10581 | D:13     | Noticed a two-headed ogre
 10619 | D:13     | Killed a two-headed ogre
 10625 | D:13     | Noticed a two-headed ogre
 10672 | D:13     | Killed a two-headed ogre
 10965 | D:13     | Found a gate to the Vaults.
 11248 | D:14     | Noticed Louise
 11255 | Abyss:2  | Noticed a starcursed mass
 11255 | Abyss:2  | Noticed a starcursed mass
 11255 | Abyss:2  | Noticed a tentacled starspawn
 11255 | Abyss:2  | Noticed a starcursed mass
 11255 | Abyss:2  | Found a corrupted altar of Lugonu.
 11255 | Abyss:2  | Cast into level 2 of the Abyss (Louise)
 11258 | Abyss:2  | Found a transporter.
 11268 | Abyss:2  | Noticed a tentacled starspawn
 11285 | Abyss:2  | Killed a tentacled starspawn
 11294 | Abyss:2  | Slain by a large abomination

Illustrated notes

Levels and vault maps discovered:
D:1:      dpeg_arrival_simpleton_c, layout_basic
D:2:      layout_loops_ring
D:3:      layout_loops_cross, shapermc_ecumenical_altar_rom_forum, minivault_11,
          grunt_decor_clamped
D:4:      layout_cave_pools, saegor_snake_ambush
D:5:      layout_loops_ring, serial_shops, nicolae_shop_bloodbath_and_beyond,
          kennysheep_nub, minmay_shop_enchanted_jewellery
D:6:      layout_loops_cross, nicolae_gozag_cash_rules_everything_around_me,
          mainiacjoe_overflow_alcove_1, minmay_temple_entry_mist,
          hellmonk_bongcloud_opening, nicolae_sextant
D:7:      layout_rooms, lemuel_round_altar, uniq_menkaure, uniq_pikel
D:8:      layout_loops_ring, ashenzari_conservatory_becter,
          mainiacjoe_overflow_divided_tiny
D:9:      layout_irregular_city, lemuel_blue_sif_altar,
          erik_lair_orcish_takeover, hangedman_decor_riveting,
          uniq_prince_ribbit1
D:10:     layout_roguey, david_orc_4, hellmonk_guarded_unrand_lears
D:11:     layout_cave_pools, gammafunk_ghost_smash, uniq_psyche
D:12:     layout_irregular_city, hangedman_stone_soup,
          nicolae_shop_overcharged_wands
D:13:     layout_small_grid, david_vaults_4, uniq_frances
D:14:     layout_roguey, chequers_serial_rivers_micro_d, uniq_azrael,
          uniq_louise
Temple:   regret_index_temple_generic_petals
Abyss:2:  base: D:1, gammafunk_corrupted_shrine

Skill      XL: |  1  2  3  4  5  6  7  8  9 10 11 12 |
---------------+-------------------------------------+-----
Fighting       | 3 4 5 6 |  6.9
Shields        | 3 4 5 6 |  6.7
Axes           | 2 |  2.6
Spellcasting   | 1 2 3 |  3.7
Armour         | 3 4 5 |  5.6
Invocations    | 1 2 3 4 5 6 8 9 |  9.1
Maces & Flails | 1 2 3 4 6 7 8 9 |  9.6
Dodging        | 1 2 3 4 5 |  5.9
Stealth        | 1 4 6 8 9 |  9.2
Throwing       | 1 |  1.7
Evocations     | |  0.6

Action                     |  1- 3 |  4- 6 |  7- 9 | 10-12 || total
---------------------------+-------+-------+-------+-------++-------
  Melee: War axe           |    47 |       |       |       ||    47
         Bite              |    12 |    39 |    88 |   229 ||   368
         Whip              |    12 |   144 |   255 |   624 ||  1035
  Throw: Dart              |       |     3 |       |    12 ||    15
         Javelin           |       |     2 |       |       ||     2
  Evoke: Piece from Xom's  |       |       |       |     4 ||     4
         Lightning rod     |       |       |       |     1 ||     1
    Use: Scroll            |       |       |    12 |    14 ||    26
   Stab: Paralysed         |       |       |     7 |    39 ||    46
         Distracted        |       |       |       |     1 ||     1
 Armour: Scale mail        |    19 |       |       |       ||    19
         Leather armour    |     2 |    34 |    41 |    49 ||   126
         Chain mail        |       |       |       |   168 ||   168
  Dodge: Dodged            |    21 |   120 |   191 |   407 ||   739
  Block: Buckler           |    13 |    29 |    62 |   150 ||   254

Table legend: (Time is in decaauts)
 A = Elapsed time spent in this place.
 B = Non-inter-level travel time spent in this place.
 C = Inter-level travel time spent in this place.
 D = Time resting spent in this place.
 E = Time spent auto-exploring this place.
 F = Levels seen in this place.
 G = Mean time per level.
                   A        B        C        D        E       F      G
               +--------+--------+--------+--------+--------+-----+--------+
         Total |  11157 |  10430 |    727 |    972 |   5549 |  16 |  697.3 |
       Dungeon |  10878 |  10170 |    708 |    972 |   5358 |  14 |  777.0 |
        Temple |    248 |    229 |     19 |      0 |    191 |   1 |  248.0 |
         Abyss |     29 |     29 |      0 |      0 |      0 |   1 |   29.0 |
               +--------+--------+--------+--------+--------+-----+--------+

Top non-repeatable levels by time:
    D:12: 1219 daAuts
     D:9: 1143 daAuts
    D:13: 983 daAuts
     D:3: 927 daAuts
     D:7: 881 daAuts
     D:8: 879 daAuts
     D:1: 830 daAuts
     D:5: 792 daAuts
    D:10: 786 daAuts
     D:6: 781 daAuts
     D:2: 772 daAuts
     D:4: 771 daAuts
  Temple: 248 daAuts
    D:14: 109 daAuts
 Abyss:2: 29 daAuts
